 Dungeon Crawl Stone Soup version 0.17-a0-1515-gfae3d72 (webtiles) character file.

84 Pisja the Ducker (level 4, -2/44 HPs)
             Began as a Troll Fighter on July 12, 2015.
             Slain by Pisja's ghost (11 damage)
             ... on level 3 of the Dungeon.
             The game lasted 00:12:24 (1962 turns).

Pisja the Ducker (Troll Fighter)                    Turns: 1962, Time: 00:12:24

Health: -2/44      AC:  5    Str: 25    XL:     4   Next: 23%
Magic:  3/3        EV:  8    Int:  4    God:
Gold:   101        SH:  9    Dex:  9    Spells: 0 memorised, 3 levels left

rFire  . . .     SeeInvis .     o - +0 flail
rCold  . . .     Clarity  +     b - +0 robe
rNeg   . . .     SustAt   .     c - +0 shield
rPois  .         Gourm    +     (helmet restricted)
rElec  .         Spirit   .     (no cloak)
rCorr  .         Warding  .     (gloves unavailable)
rMut   .         Stasis   .     (boots unavailable)
MR     .....                    k - amulet of clarity
Stlth  +.........               (no ring)
                                (no ring)

@: not resistant to hostile enchantments, very unstealthy
A: unfitting armour, claws 3, fast metabolism 3, gourmand, regeneration 2,
shaggy fur 1, tough skin 2
a: no special abilities


You were on level 3 of the Dungeon.
You were very full.

You visited 1 branch of the dungeon, and saw 3 of its levels.

You collected 101 gold pieces.

Inventory:

Hand weapons
 o - a +0 flail (weapon)
Armour
 b - a +0 robe (worn)
 c - a +0 shield (worn)
Jewellery
 k - an amulet of clarity (around neck)
Scrolls
 h - a scroll of fear
Potions
 d - a potion of might
Comestibles
 a - a beef jerky
 e - 2 bread rations
 f - a chunk of flesh
 j - 3 fruits


   Skills:
 + Level 2.8 Fighting
 + Level 2.2 Maces & Flails
 + Level 3.3 Dodging
 + Level 2.9 Shields


You had 3 spell levels left.
You didn't know any spells.

Dungeon Overview and Level Annotations

Branches:
Dungeon (3/15)

Altars:

Annotations:
D:3 Pisja's ghost, average TrFi


Innate Abilities, Weirdness & Mutations

You are too large for most types of armour.
You have claws for hands.
Your metabolism is lightning-fast.
You like to eat raw meat.
You heal very quickly.
You are covered in fur (AC +1).
You have very tough skin (AC +2).


Message History

You sock Pisja's ghost!
Pisja's ghost is severely damaged.
Pisja's ghost hits you!
You thump Pisja's ghost!
Pisja's ghost is almost destroyed.
You block Pisja's ghost's attack. Pisja's ghost closely misses you.
Things that are here:
a club; 2 stones; a kobold corpse
Things that are here:
a club; a giant cockroach corpse You see here a stone.
You block Pisja's ghost's attack. Pisja's ghost hits you!
You barely miss Pisja's ghost.
Pisja's ghost is almost destroyed.
Pisja's ghost hits you! Pisja's ghost hits you. Pisja's ghost hits you!
* * * LOW HITPOINT WARNING * * *
Pisja's ghost hits you!
You die...

.# ##..#.#......#.......# .#
#..#.#......##.###### ##
#.(#.#......##.#
##)#.#......##.#
#)..#......##.#
#...###....##(#
#..........##.#
#...###....##.#
#.#@###....##.#
##############.#.W.........#
...........s?..#......(....#
..(.###....K#####..........#
....# #.....#
#..#....##'###### ....#
#.....# ##.#####.........
##### #.....# #..#
#......... #.....# ##.#
#......... # #.....# #.##
###.######


You could see Pisja's ghost.

Vanquished Creatures
  3 adders
  A worm (D:2)
  4 orcs (D:3)
  4 bats
  A bat skeleton (D:3)
  3 giant cockroaches
  5 goblins
  6 hobgoblins
  A ball python (D:1)
  2 giant geckos
  3 giant newts
  4 jackals (D:3)
  8 kobolds
  7 rats
52 creatures vanquished.

Notes
Turn   | Place    | Note
--------------------------------------------------------------
     0 | D:1      | Pisja the Troll Fighter began the quest for the Orb.
     0 | D:1      | Reached XP level 1. HP: 22/22 MP: 0/0
   311 | D:1      | Reached XP level 2. HP: 29/29 MP: 1/1
  1061 | D:2      | Reached XP level 3. HP: 34/36 MP: 2/2
  1466 | D:3      | Reached skill level 3 in Dodging
  1576 | D:3      | Reached XP level 4. HP: 34/44 MP: 3/3
  1689 | D:3      | Found a faded altar to an unknown god.
  1765 | D:3      | Noticed Pisja's ghost (average TrFi)
  1962 | D:3      | Slain by Pisja's ghost

Vault maps used:
D:1:      mrwooster_arrival_statue_3
D:2:      overflow_temple_1_default, first_bread, serial_glass, glass_columns_b,
          glass_columns_b, solitary_fountain, moated_statue,
          grunt_ministairs_10, minivault_11
D:3:      lemuel_upstairs_altar, ecumenical_altar_2

Action                   |  1- 3 |  4- 6 || total
-------------------------+-------+-------++-------
Melee: Flail             |   130 |    38 ||   168
  Use: Scroll            |     4 |       ||     4
       Potion            |     2 |       ||     2
  Eat: Chunk             |    10 |     1 ||    11
       Bread ration      |     1 |     1 ||     2
       Meat ration       |     2 |       ||     2
       Fruit             |     1 |       ||     1
